 Dungeon Crawl Stone Soup version 0.30-b1-2-g02819fbbbe (webtiles) character file.

Game seed: 12808910055597123459

15284 suse60 the Basher (level 11, -7/113 HPs)
             Began as a Troll Gladiator on Nov 20, 2023.
             Was a Priest of Makhleb.
             Mangled by a komodo dragon (12 damage)
             ... on level 1 of the Lair of Beasts on Nov 21, 2023.
             The game lasted 01:20:00 (12959 turns).

suse60 the Basher (Troll Gladiator)                Turns: 12959, Time: 01:20:00

Health: -7/113     AC:  9    Str: 34    XL:     11   Next: 99%
Magic:  15/15      EV: 12    Int:  4    God:    Makhleb [***...]
Gold:   196        SH:  0    Dex: 11    Spells: 7/10 levels left

rFire   . . .        y - +2 whip (vamp)
rCold   . . .        (no shield)
rNeg    . . .        v - +0 acid dragon scales
rPois   .            c - +0 hat
rElec   .            o - +0 cloak
rCorr   +            (gloves unavailable)
SInv    +            (boots unavailable)
Will    .....        (no amulet)
Stlth   +            B - ring of see invisible
HPRegen 1.18/turn    b - +6 ring of strength
MPRegen 0.14/turn

%: no passive effects
@: no status effects
A: large, unfitting armour, claws 3, regeneration 1, shaggy fur 1, tough skin 1
a: Renounce Religion, Minor Destruction, Lesser Servant of Makhleb


You were on level 1 of the Lair of Beasts.
You worshipped Makhleb.
Makhleb was most pleased with you.
You visited 3 branches of the dungeon, and saw 13 of its levels.

You collected 702 gold pieces.
You spent 506 gold pieces at shops.

Inventory:

Hand Weapons
 j - a +1 hand axe of flaming
 y - a +2 vampiric whip (weapon)
Missiles
 a - 10 poisoned darts (quivered)
 e - a large rock
Armour
 c - a +0 hat (worn)
 o - a +0 cloak (worn)
 r - a +2 robe of willpower
 s - the +3 robe of Efemucrent {*Corrode rElec Dex+2}
   (You found it on level 11 of the Dungeon)

   Dex:       It affects your dexterity (+2).
   rElec:     It insulates you from electricity.
   *Corrode:  It may corrode you when you take damage.
 v - +0 acid dragon scales (worn)
Jewellery
 b - a +6 ring of strength (right claw)
 B - a ring of see invisible (left claw)
 C - a ring of protection from cold
 H - a ring of protection from cold
 I - a ring of wizardry
Wands
 d - a wand of digging (11)
 q - a wand of paralysis (17)
 w - a wand of mindburst (18)
 x - a wand of flame (24)
 G - a wand of light (7)
Scrolls
 i - 3 scrolls of fear
 m - 2 scrolls of fog
 p - 4 scrolls of teleportation
 t - 3 scrolls of blinking
 u - a scroll of poison
 z - 4 scrolls of amnesia
 E - a scroll of magic mapping {unknown}
 F - a scroll of summoning {unknown}
Potions
 f - 9 potions of curing
 g - a potion of haste
 h - a potion of heal wounds
 k - a potion of invisibility
 l - 2 potions of mutation
 n - 3 potions of flight
 A - a potion of cancellation
 D - a potion of magic {unknown}


   Skills:
 + Level 8.5 Fighting
 + Level 9.5 Maces & Flails
 - Level 4.6 Throwing
 + Level 8.8 Dodging
 + Level 7.8 Invocations


You had 7 spell levels left.
You knew the following spells:

 Your Spells              Type           Power      Damage    Failure   Level
a - Spider Form           Tmut/Pois      0%         N/A       90%         3

Your spell library contained the following spells:

 Spells                   Type           Power      Damage    Failure   Level
 Freeze                   Ice            0%         1d3       56%         1
 Ensorcelled Hibernation  Hex/Ice        0%         N/A       71%         2
 Scorch                   Fire           0%         2d5       71%         2
 Frozen Ramparts          Ice            0%         1d1       90%         3
 Hailstorm                Conj/Ice       0%         3d3       90%         3
 Anguish                  Hex/Necr       0%         N/A       100%        4
 Animate Dead             Necr           0%         N/A       100%        4
 Flame Wave               Conj/Fire      0%         2d4       100%        4
 Sticky Flame             Conj/Fire      0%         2d3       100%        4
 Starburst                Conj/Fire      0%         6d3       100%        6
 Summon Cactus Giant      Summ           0%         N/A       100%        6


Dungeon Overview and Level Annotations

Branches:
Dungeon (11/15)            Temple (1/1) D:5            Lair (1/5) D:9
    Orc (0/2) D:11

Altars:
Ashenzari
Cheibriados
Dithmenos
Elyvilon
Fedhas
Gozag
Hepliaklqana
Kikubaaqudgha
Makhleb
Nemelex Xobeh
Qazlal
Ru
Sif Muna
Trog
Uskayaw
Vehumet
Wu Jian
Xom
Yredelemnul
Zin
The Shining One

Shops:
D:1 [   D:4 ((?=   D:8 =   D:11 [

Annotations:
D:9 2 transporters, exclusion: orange crystal statue


Innate Abilities, Weirdness & Mutations

You are too large for most types of armour.
You have claws for hands.
Your natural rate of healing is unusually fast.
You are covered in fur. (AC +1)
You have tough skin. (AC +1)


Message History

You hit the komodo dragon.
The komodo dragon is heavily wounded.
The komodo dragon closely misses you.
You hit the komodo dragon.
You feel better.
The komodo dragon is heavily wounded.
You hit the komodo dragon.
You feel better.
The komodo dragon is heavily wounded.
The komodo dragon barely misses you.
You hit the komodo dragon but do no damage.
The komodo dragon is heavily wounded.
The komodo dragon bites you!!
You whack the komodo dragon!
You feel better.
The komodo dragon is severely wounded.
You hit the komodo dragon but do no damage.
The komodo dragon is severely wounded.
The komodo dragon bites you!!
You hit the komodo dragon but do no damage.
The komodo dragon is severely wounded.
The komodo dragon bites you!!
You hit the komodo dragon.
You feel better.
The komodo dragon is severely wounded.
You hit the komodo dragon.
You feel better.
The komodo dragon is almost dead.
The komodo dragon bites you!!
* * * LOW HITPOINT WARNING * * *
You hit the komodo dragon but do no damage.
The komodo dragon is almost dead.
The komodo dragon barely misses you.
You closely miss the komodo dragon.
The komodo dragon is almost dead.
You closely miss the komodo dragon.
The komodo dragon is almost dead.
The komodo dragon bites you!!
* * * LOW HITPOINT WARNING * * *
You hit the komodo dragon.
You feel better.
The komodo dragon is almost dead.
You hit the komodo dragon but do no damage.
The komodo dragon is almost dead.
The komodo dragon bites you!
You die...

## #. #.### ##.#.......
.#.##.##.#.####.#.......
........................
......#.###...#........
.###..#.# ##...........
#.....# #####.......
####.## ##...... ##.#
#####.. #.@# #..
........l..# #..
...........# #..
...........# #...
...........# ##..
...........# #..
>..........# #..
...........# .. .


You could see a komodo dragon.

Vanquished Creatures
  2 two-headed ogres
  A manticore (D:11)
  Joseph (D:7)
  A gargoyle (D:10)
  A cane toad (Lair:1)
  2 kobold demonologists (D:11)
  An unseen horror (D:8)
  3 komodo dragons
  3 trolls
  6 dream sheep (Lair:1)
  4 blink frogs (Lair:1)
  Sigmund (D:4)
  A shadow (D:9)
  14 yaks
  A wraith (D:10)
  A wyvern (D:9)
  Eustachio (D:6)
  A basilisk (D:11)
  3 steam dragons
  5 acid dragons
  2 orc warriors
  A black bear (D:9)
  An ice beast (D:7)
  A hornet zombie (D:8)
  An ogre (D:5)
  2 centaurs
  A phantom (D:7)
  A bullfrog (D:9)
  6 scorpions
  Blork the orc (D:6)
  2 kobold brigands
  4 necrophages (D:8)
  3 gnoll sergeants
  2 wights (D:8)
  5 killer bees (D:9)
  An electric eel (D:7)
  A howler monkey (D:5)
  A centaur zombie (D:8)
  5 orc priests
  3 hounds
  5 jellies
  2 gnoll boudas
  12 orc wizards
  2 sleepcaps
  A killer bee zombie (D:8)
  A howler monkey zombie (D:8)
  34 gnolls
  12 adders
  A shadow imp (D:5)
  2 white imps (D:5)
  2 ufetubi (D:5)
  3 worms
  6 dart slugs
  51 orcs
  5 ball pythons
  4 endoplasms
  4 giant cockroaches
  6 goblins
  2 hobgoblins
  12 jackals (D:5)
  3 quokkas
  9 bats
  2 frilled lizards
  16 kobolds
  4 rats
298 creatures vanquished.

Vanquished Creatures (collateral kills)
  The ghost of diceflayer the Carver, a journeyman DsGl of Okawaru (D:11)
  The ghost of sleepyPrincex the Zephyrmancer, a novice TeAE of Dithmenos (D:10)
2 creatures vanquished.

Vanquished Creatures (others)
  A wizard (D:11)
  3 bushes
  11 plants
15 creatures vanquished.

Grand Total: 315 creatures vanquished

Notes
Turn   | Place    | Note
-------+----------+-------------------------------------------
     0 | D:1      | suse60 the Troll Gladiator began the quest for the Orb.
     0 | D:1      | Reached XP level 1. HP: 19/19 MP: 0/0
   483 | D:1      | Found Cull's Armour Emporium.
   669 | D:1      | Reached XP level 2. HP: 22/28 MP: 1/1
   922 | D:2      | Reached skill level 3 in Maces & Flails
   989 | D:2      | Reached XP level 3. HP: 33/35 MP: 2/2
  1166 | D:2      | Reached XP level 4. HP: 33/42 MP: 3/3
  1291 | D:2      | Found a faded altar of an unknown god.
  2502 | D:4      | Found an ornate altar of the Wu Jian Council.
  2510 | D:4      | Noticed Sigmund
  2584 | D:4      | Reached XP level 5. HP: 40/50 MP: 4/4
  2655 | D:4      | Found Daess's Magic Scroll Shop.
  2667 | D:4      | Bought a scroll of identify for 28 gold pieces
  2667 | D:4      | Bought a scroll of identify for 28 gold pieces
  2670 | D:4      | Bought a scroll of identify for 28 gold pieces
  2755 | D:4      | Killed Sigmund
  2756 | D:4      | Reached skill level 4 in Maces & Flails
  2756 | D:4      | Reached XP level 6. HP: 61/61 MP: 5/5
  2763 | D:4      | Found Bexaogul's Antique Weapon Emporium.
  2818 | D:4      | Found a shimmering blue altar of Sif Muna.
  3084 | D:4      | Found a shimmering altar of Xom.
  3085 | D:4      | Found a hazy altar of Hepliaklqana.
  3086 | D:4      | Noticed a spectral ugly thing
  3154 | D:4      | Found Launn's Antique Weapon Emporium.
  3195 | D:4      | Found Plog's Jewellery Emporium.
  3468 | D:5      | Entered Level 5 of the Dungeon
  3680 | D:5      | Reached XP level 7. HP: 46/67 MP: 6/6
  4461 | D:5      | Reached XP level 8. HP: 78/78 MP: 7/7
  4500 | D:5      | Reached skill level 5 in Maces & Flails
  4774 | D:5      | Found a staircase to the Ecumenical Temple.
  4815 | Temple   | Entered the Ecumenical Temple
  4827 | Temple   | Became a worshipper of Makhleb the Destroyer
  5066 | D:5      | Found a shadowy altar of Dithmenos.
  5426 | D:1      | Bought a +2 robe of willpower for 212 gold pieces
  5556 | D:6      | Found a radiant altar of Vehumet.
  5602 | D:6      | Noticed Eustachio
  5615 | D:6      | Reached skill level 1 in Invocations
  5692 | D:6      | Killed Eustachio
  5693 | D:6      | Reached skill level 5 in Dodging
  5842 | D:6      | Found a sacrificial altar of Ru.
  5960 | D:6      | Noticed Blork the orc
  5967 | D:6      | Killed Blork the orc
  6532 | D:7      | Reached skill level 5 in Fighting
  6622 | D:7      | Noticed Joseph
  6712 | D:7      | Reached XP level 9. HP: 87/88 MP: 8/10
  6877 | D:7      | Reached skill level 6 in Maces & Flails
  7027 | D:7      | Noticed a two-headed ogre
  7033 | D:7      | Reached * piety under Makhleb
  7067 | D:7      | Killed a two-headed ogre
  7362 | D:7      | Killed Joseph
  7484 | D:8      | Found a blossoming altar of Fedhas.
  7820 | D:8      | Got Zefuorch's Volume of the Heated Charnel House
  7855 | D:8      | Reached skill level 7 in Maces & Flails
  7885 | D:8      | Learned a level 3 spell: Spider Form
  7885 | D:8      | You fall into a shaft and drop 1 floor!
  7896 | D:9      | Noticed a catoblepas
  7898 | D:9      | Noticed a six-headed hydra
  7900 | D:9      | Noticed a centaur warrior
  7900 | D:9      | Found a transporter.
  7900 | D:9      | Noticed a skeletal warrior
  7900 | D:9      | Noticed an orange crystal statue
  7900 | D:9      | Noticed a purple ugly thing
  7906 | D:9      | Found a transporter.
  8047 | D:8      | Reached ** piety under Makhleb
  8147 | D:8      | Found Howaas's Jewellery Boutique.
  8503 | D:8      | Reached XP level 10. HP: 86/93 MP: 12/12
  8711 | D:8      | Reached skill level 5 in Invocations
  9244 | D:8      | Bought a ring of see invisible for 210 gold pieces
  9715 | D:9      | Found a staircase to the Lair.
  9795 | D:10     | Entered Level 10 of the Dungeon
  9889 | D:9      | Reached skill level 8 in Maces & Flails
 10092 | D:10     | Noticed a two-headed ogre
 10092 | D:10     | Noticed a gargoyle
 10103 | D:10     | Killed a gargoyle
 10103 | D:10     | Reached *** piety under Makhleb
 10104 | D:10     | Reached XP level 11. HP: 109/109 MP: 14/14
 10118 | D:10     | Killed a two-headed ogre
 10369 | D:10     | Noticed sleepyPrincex's ghost (novice TeAE)
 10373 | D:10     | Found a runed translucent door.
 10512 | D:10     | Found a glowing golden altar of the Shining One.
 10515 | D:10     | Found a snail-covered altar of Cheibriados.
 10695 | D:10     | Found an opulent altar of Gozag.
 10710 | D:10     | Found a broken altar of Ashenzari.
 10853 | D:10     | Killed sleepyPrincex's ghost
 10897 | D:11     | Noticed a wizard
 10914 | D:11     | Killed a wizard
 11203 | D:11     | Noticed a sun demon
 11455 | D:11     | Identified the +3 robe of Efemucrent {*Corrode rElec Dex+2}
 11592 | D:11     | Found a large runed translucent door.
 11592 | D:11     | Found a large runed translucent door.
 11593 | D:11     | Noticed diceflayer's ghost (journeyman DsGl)
 11615 | D:11     | Found Zefei's Armour Boutique.
 11615 | D:11     | Found a staircase to the Orcish Mines.
 12031 | D:11     | Killed diceflayer's ghost
 12032 | D:11     | Reached skill level 9 in Maces & Flails
 12135 | Lair:1   | Entered Level 1 of the Lair of Beasts
 12139 | Lair:1   | Found an ornate altar of the Wu Jian Council.
 12140 | Lair:1   | Noticed a boulder beetle
 12141 | Lair:1   | Found a hide-covered altar of Uskayaw.
 12957 | Lair:1   | HP: 3/113 [komodo dragon (29)]
 12959 | Lair:1   | Mangled by a komodo dragon

Illustrated notes

Levels and vault maps discovered:
D:1:      dpeg_arrival_another_circle, layout_basic, serial_shops, shop
D:2:      layout_loops_ring, shapermc_ecumenical_altar_ellora,
          small_statue_intersection, chequers_jeans, nicolae_elevator_lobby_plus
D:3:      layout_basic
D:4:      minmay_chambers_of_threes, layout_cave_pools,
          regret_index_temple_of_mockery, lemuel_round_altar,
          general_overflow_altar, serial_shops, nicolae_shop_tiny_waterfront,
          nicolae_lakefront_shop, nicolae_shop_rolling_square,
          nicolae_shop_crystal, uniq_sigmund
D:5:      lemuel_castle_with_subvaults [lemuel_castle_interior_carwin_3],
          layout_loops_corners, nicolae_dithmenos_shadow_blocks,
          minmay_temple_entry_hall
D:6:      layout_basic, nicolae_vehumet_radiance,
          nicolae_ru_great_annihilating_truth, uniq_eustachio,
          uniq_blork_the_orc
D:7:      layout_loops_ring, grunt_ministairs_10, serial_park_tiny_pond,
          wad_woods_river_04, serial_bayou_crossing, uniq_joseph
D:8:      layout_loops_ring, fedhas_altar_decomposition, serial_shops, shop,
          hangedman_decor_growths, nicolae_hexahallways
D:9:      gammafunk_sealed_arena, layout_irregular_city,
          grunt_lair_entry_orc_guard_hut
D:10:     layout_roguey, kennysheep_mini_moat, nicolae_overflow_hidden_temple,
          hellmonk_ghost_happy_afterlife, dreamdust_princess_bridge, uniq_sonja
D:11:     layout_cave_pods, orc_david_3, ebering_ghost_disaster_area
Temple:   nicolae_temple_cloud_nine
Lair:1:   layout_gridlike, nzn_masters_of_martial_movement, uniq_maggie

Skill      XL: |  1  2  3  4  5  6  7  8  9 10 11 |
---------------+----------------------------------+-----
Throwing       | 2 3 4 |  4.6
Fighting       | 2 3 4 5 6 7 8 |  8.5
Maces & Flails | 3 4 5 7 8 9 |  9.5
Dodging        | 3 4 5 6 7 8 |  8.8
Invocations    | 2 4 6 7 |  7.8

Action                     |  1- 3 |  4- 6 |  7- 9 | 10-12 || total
---------------------------+-------+-------+-------+-------++-------
  Melee: Flail             |    62 |   205 |   534 |       ||   801
         Punch             |     2 |     2 |    14 |    12 ||    30
         Whip              |       |       |   112 |   863 ||   975
  Throw: Throwing net      |       |       |     7 |       ||     7
         Large rock        |       |       |     9 |     2 ||    11
         Dart              |       |       |     3 |    16 ||    19
 Invoke: Lesser Servant of |       |       |       |     2 ||     2
  Evoke: Wand              |       |       |     3 |    30 ||    33
    Use: Scroll            |     2 |    12 |     8 |     3 ||    25
         Potion            |       |     3 |       |     3 ||     6
   Stab: Sleeping          |     1 |     1 |       |       ||     2
         Held in net/web   |       |       |     4 |       ||     4
         Paralysed         |       |       |    13 |       ||    13
         Distracted        |       |       |       |     1 ||     1
         Invisible         |       |       |       |     1 ||     1
 Armour: Robe              |    24 |    67 |   185 |       ||   276
         Acid dragon scale |       |       |    35 |   234 ||   269
  Dodge: Dodged            |    35 |   116 |   389 |   371 ||   911
